PBL
WINNIPEG GOLDEYES @ BROCKTON ROX
07/26/2049
 
TOP OF THE 1ST
Winnipeg Goldeyes batting - Pitching for Brockton Rox : RHP Marcos Salas
Pitching: RHP Marcos Salas
Batting: RHB Settan Nakamura 0-0: Called Strike
0-1: SINGLE (Line Drive, 89M, EV 93.1 MPH)
Batting: SHB Rodrigo Mendoza 0-0: Ball
1-0: Grounds out, U3 (Groundball, 3L, EV 107.5 MPH)
Batting: RHB Terry Oetker 0-0: Ball
1-0: Ball
2-0: Foul Ball, location: 2F
2-1: 2-RUN HOME RUN (Flyball, 7LD, EV 95.0 MPH), Distance : 365 ft
Batting: SHB Victor Turrubiate 0-0: Ball
1-0: Called Strike
1-1: Foul Ball, location: 2F
1-2: Ball
2-2: Fly out, F7 (Flyball, 7D, EV 96.9 MPH)
Batting: RHB Itocravo Arrochela 0-0: Called Strike
0-1: Swinging Strike
0-2: Strikes out swinging
Top of the 1st over - 2 runs, 2 hits, 0 errors, 0 left on base; Winnipeg 2 - Brockton 0
BOTTOM OF THE 1ST
Brockton Rox batting - Pitching for Winnipeg Goldeyes : RHP Ryan Kraemer
Pitching: RHP Ryan Kraemer
Batting: LHB Darby Starburster 0-0: Foul Ball, location: 2F
0-1: Swinging Strike
0-2: Fly out, F9 (Flyball, 9S, EV 91.9 MPH)
Batting: LHB Joe Martens 0-0: Called Strike
0-1: Ball
1-1: Ball
2-1: Fly out, F7 (Flyball, 7S, EV 88.1 MPH)
Batting: LHB Isaiah Spitzbarth 0-0: SINGLE (Flyball, 3D, EV 91.2 MPH)
Batting: RHB Matt Walker 0-0: Ball
1-0: Fly out, F7 (Flyball, 7D, EV 91.9 MPH)
Bottom of the 1st over - 0 runs, 1 hit, 0 errors, 1 left on base; Winnipeg 2 - Brockton 0
TOP OF THE 2ND
Winnipeg Goldeyes batting - Pitching for Brockton Rox : RHP Marcos Salas
Batting: RHB Mike Berzins 0-0: Ball
1-0: SINGLE (Line Drive, 5D, EV 99.4 MPH)
Batting: SHB Tim Lloyd 0-0: Ball
1-0: Ball
Mike Berzins steals 2nd base
2-0: Swinging Strike
2-1: Foul Ball, location: 2F
2-2: Foul Ball, location: 2F
2-2: Foul Ball, location: 2F
2-2: Ball
3-2: Ground out 4-3 (Groundball, 4, EV 79.4 MPH)
Mike Berzins to third
Batting: SHB Andy Ehrsam 0-0: Called Strike
0-1: Ball
1-1: Ball
2-1: Ball
3-1: Foul Ball, location: 2F
3-2: Fly out, F9 (Flyball, 9S, EV 65.0 MPH)
Batting: RHB Justin Palko 0-0: Fly out, F8 (Flyball, 8RD, EV 87.5 MPH)
Top of the 2nd over - 0 runs, 1 hit, 0 errors, 1 left on base; Winnipeg 2 - Brockton 0
BOTTOM OF THE 2ND
Brockton Rox batting - Pitching for Winnipeg Goldeyes : RHP Ryan Kraemer
Batting: RHB Jose Blocker 0-0: Fly out, F3 (Popup, 3F, EV 63.8 MPH)
Batting: SHB Zach Clark 0-0: Called Strike
0-1: Ball
1-1: SINGLE (Groundball, 34S, EV 70.0 MPH) (infield hit)
Batting: LHB Eddie Noon 0-0: Ball
1-0: Swinging Strike
1-1: Called Strike
Zach Clark steals 2nd base
1-2: Strikes out swinging
Batting: SHB Mel Gonzalez 0-0: Called Strike
0-1: Ground out 6-3 (Groundball, 6, EV 86.9 MPH)
Bottom of the 2nd over - 0 runs, 1 hit, 0 errors, 1 left on base; Winnipeg 2 - Brockton 0
TOP OF THE 3RD
Winnipeg Goldeyes batting - Pitching for Brockton Rox : RHP Marcos Salas
Batting: RHB Settan Nakamura 0-0: Ball
1-0: Swinging Strike
1-1: Ball
2-1: Called Strike
2-2: SINGLE (Line Drive, 89S, EV 108.8 MPH)
Batting: SHB Rodrigo Mendoza 0-0: Ball
1-0: Ball
2-0: Ball
3-0: Base on Balls
Settan Nakamura to second
Batting: RHB Terry Oetker 0-0: Ball
1-0: Ball
2-0: Foul Ball, location: 2F
2-1: Ball
3-1: Base on Balls
Settan Nakamura to third
Rodrigo Mendoza to second
Batting: SHB Victor Turrubiate 0-0: Called Strike
0-1: SINGLE (Line Drive, 8RS, EV 100.0 MPH)
Settan Nakamura scores
Rodrigo Mendoza to third
Terry Oetker to second
Runner from 3rd tries for Home, SAFE, throw by CF to home
Batting: RHB Itocravo Arrochela 0-0: Foul Ball, location: 2F
0-1: Foul Ball, location: 2F
0-2: DOUBLE (Line Drive, 9LS, EV 106.2 MPH)
Terry Oetker scores
Victor Turrubiate to third
Runner from 3rd tries for Home, SAFE, no throw by RF
Pitching: LHP Jamie Corbin
Batting: RHB Mike Berzins 0-0: Foul Ball, location: 2F
0-1: Ball
1-1: Called Strike
1-2: Foul Ball, location: 2F
1-2: Ball
2-2: SINGLE (Line Drive, 9LS, EV 93.1 MPH)
Itocravo Arrochela to third
Batting: SHB Tim Lloyd 0-0: Ball
1-0: Foul Ball, location: 2F
1-1: Foul Ball, location: 2F
1-2: Ball
2-2: Ball
3-2: Base on Balls
Mike Berzins to second
Batting: SHB Andy Ehrsam 0-0: GRAND SLAM HOME RUN (Flyball, 7LD, EV 95.6 MPH), Distance : 387 ft
Batting: RHB Justin Palko 0-0: Ball
1-0: Ball
2-0: Called Strike
2-1: Foul Ball, location: 2F
2-2: Foul Ball, location: 2F
2-2: Foul Ball, location: 2F
2-2: Foul Ball, location: 2F
2-2: Ball
3-2: Foul Ball, location: 2F
3-2: Strikes out swinging
Batting: RHB Settan Nakamura 0-0: Called Strike
0-1: Foul Ball, location: 2F
0-2: Ball
1-2: Foul Ball, location: 2F
1-2: Fly out, F7 (Flyball, 7D, EV 97.5 MPH)
Batting: SHB Rodrigo Mendoza 0-0: DOUBLE (Line Drive, 7LM, EV 102.5 MPH)
Batting: RHB Terry Oetker 0-0: Hit by Pitch
Batting: SHB Victor Turrubiate 0-0: Called Strike
0-1: Foul Ball, location: 2F
0-2: Ball
1-2: Strikes out swinging
Top of the 3rd over - 8 runs, 6 hits, 0 errors, 2 left on base; Winnipeg 10 - Brockton 0
BOTTOM OF THE 3RD
Brockton Rox batting - Pitching for Winnipeg Goldeyes : RHP Ryan Kraemer
Batting: LHB Makoto Shimazu 0-0: Called Strike
0-1: Ball
1-1: Called Strike
1-2: Ball
2-2: Strikes out swinging
Batting: LHB Darby Starburster 0-0: Ground out 3-1 (Groundball, 34S, EV 83.8 MPH)
Batting: LHB Joe Martens 0-0: Reached on error, E6 (Groundball, 56, EV 102.5 MPH)
Batting: LHB Isaiah Spitzbarth 0-0: DOUBLE (Line Drive, 78D, EV 110.6 MPH)
Joe Martens to third
Runner from 3rd tries for Home, SAFE, no throw by LF
Batting: RHB Matt Walker 0-0: Called Strike
0-1: Ball
1-1: Ball
2-1: Ball
3-1: Foul Ball, location: 2F
3-2: Base on Balls
Batting: RHB Jose Blocker 0-0: SINGLE (Flyball, 89S, EV 90.0 MPH)
Isaiah Spitzbarth to third
Matt Walker to second
Runner from 3rd tries for Home, SAFE, throw by RF to home
Batting: SHB Zach Clark 0-0: Ball
1-0: Called Strike
1-1: DOUBLE (Line Drive, 7D, EV 87.5 MPH)
Matt Walker scores
Jose Blocker to third
Batting: LHB Eddie Noon 0-0: Ball
1-0: Foul Ball, location: 2F
1-1: SINGLE (Line Drive, 56D, EV 107.5 MPH)
Jose Blocker scores
Zach Clark to third
Batting: SHB Mel Gonzalez 0-0: Foul Ball, location: 2F
0-1: Foul Ball, location: 2F
0-2: Ball
1-2: Ball
2-2: Strikes out swinging
Bottom of the 3rd over - 4 runs, 4 hits, 1 error, 2 left on base; Winnipeg 10 - Brockton 4
TOP OF THE 4TH
Winnipeg Goldeyes batting - Pitching for Brockton Rox : LHP Jamie Corbin
Batting: RHB Itocravo Arrochela 0-0: Ball
1-0: Foul Ball, location: 2F
1-1: Fly out, F8 (Flyball, 8RD, EV 84.4 MPH)
Batting: RHB Mike Berzins 0-0: Called Strike
0-1: Ball
1-1: Ground out 6-3 (Groundball, 6S, EV 73.8 MPH)
Batting: SHB Tim Lloyd 0-0: Foul Ball, location: 2F
0-1: Foul Ball, location: 2F
0-2: Ball
1-2: DOUBLE (Flyball, 8RXD, EV 106.2 MPH)
Batting: SHB Andy Ehrsam 0-0: Foul Ball, location: 2F
0-1: Ball
Wild Pitch!
Tim Lloyd to third
1-1: Foul Ball, location: 2F
1-2: Ball
2-2: Foul Ball, location: 2F
2-2: Strikes out swinging
Top of the 4th over - 0 runs, 1 hit, 0 errors, 1 left on base; Winnipeg 10 - Brockton 4
BOTTOM OF THE 4TH
Brockton Rox batting - Pitching for Winnipeg Goldeyes : RHP Ryan Kraemer
Batting: LHB Makoto Shimazu 0-0: Ball
1-0: Called Strike
1-1: Foul Ball, location: 2F
1-2: Strikes out looking
Batting: LHB Darby Starburster 0-0: Called Strike
0-1: Ground out 5-3 (Groundball, 56, EV 91.2 MPH)
Batting: LHB Joe Martens 0-0: Ground out 6-3 (Groundball, 6M, EV 88.1 MPH)
Bottom of the 4th over - 0 runs, 0 hits, 0 errors, 0 left on base; Winnipeg 10 - Brockton 4
TOP OF THE 5TH
Winnipeg Goldeyes batting - Pitching for Brockton Rox : LHP Jamie Corbin
Batting: RHB Justin Palko 0-0: Ball
1-0: Ball
2-0: Foul Ball, location: 2F
2-1: Called Strike
2-2: Ball
3-2: Fly out, F9 (Flyball, 9S, EV 88.8 MPH)
Batting: RHB Settan Nakamura 0-0: Called Strike
0-1: SINGLE (Flyball, 5D, EV 96.2 MPH)
Batting: SHB Rodrigo Mendoza 0-0: Ball
Settan Nakamura is caught stealing 2nd base 2-4
1-0: Foul Ball, location: 2F
1-1: Called Strike
1-2: Ball
2-2: Foul Ball, location: 2F
2-2: Ball
3-2: Ground out 5-3 (Groundball, 56, EV 91.9 MPH)
Top of the 5th over - 0 runs, 1 hit, 0 errors, 0 left on base; Winnipeg 10 - Brockton 4
BOTTOM OF THE 5TH
Brockton Rox batting - Pitching for Winnipeg Goldeyes : RHP Ryan Kraemer
Batting: LHB Isaiah Spitzbarth 0-0: Called Strike
0-1: Ball
1-1: Ball
2-1: Ground out U3 (Groundball, 3, EV 101.2 MPH)
Batting: RHB Matt Walker 0-0: Called Strike
0-1: Ball
1-1: Ball
2-1: Called Strike
2-2: Ball
3-2: Foul Ball, location: 2F
3-2: Ground out 5-3 (Groundball, 56S, EV 73.1 MPH)
Batting: RHB Jose Blocker 0-0: Ball
1-0: Ball
2-0: Called Strike
2-1: Ground out 5-3 (Groundball, 56, EV 91.2 MPH)
Bottom of the 5th over - 0 runs, 0 hits, 0 errors, 0 left on base; Winnipeg 10 - Brockton 4
TOP OF THE 6TH
Winnipeg Goldeyes batting - Pitching for Brockton Rox : LHP Jamie Corbin
Batting: RHB Terry Oetker 0-0: Ball
1-0: Fly out, F4 (Popup, 4M, EV 57.5 MPH)
Batting: SHB Victor Turrubiate 0-0: Called Strike
0-1: Ball
1-1: Ball
2-1: SINGLE (Groundball, 6MD, EV 98.8 MPH)
Pitching: RHP Vance Haynes
Batting: RHB Itocravo Arrochela 0-0: Called Strike
0-1: Called Strike
0-2: Strikes out swinging
Batting: RHB Mike Berzins 0-0: Called Strike
0-1: Foul Ball, location: 2F
0-2: Strikes out swinging
Top of the 6th over - 0 runs, 1 hit, 0 errors, 1 left on base; Winnipeg 10 - Brockton 4
BOTTOM OF THE 6TH
Brockton Rox batting - Pitching for Winnipeg Goldeyes : RHP Ryan Kraemer
Batting: SHB Zach Clark 0-0: Ground out 6-3 (Groundball, 6, EV 81.9 MPH)
Batting: LHB Eddie Noon 0-0: Ball
1-0: Ball
2-0: Ball
3-0: Called Strike
3-1: Base on Balls
Batting: SHB Mel Gonzalez 0-0: Called Strike
0-1: Ball
1-1: Fly out, F7 (Flyball, 7, EV 89.4 MPH)
Batting: LHB Makoto Shimazu 0-0: Ground out 4-3 (Groundball, 4D, EV 103.8 MPH)
Bottom of the 6th over - 0 runs, 0 hits, 0 errors, 1 left on base; Winnipeg 10 - Brockton 4
TOP OF THE 7TH
Winnipeg Goldeyes batting - Pitching for Brockton Rox : RHP Vance Haynes
Batting: SHB Tim Lloyd 0-0: Called Strike
0-1: Ball
1-1: Foul Ball, location: 2F
1-2: Foul Ball, location: 2F
1-2: Foul Ball, location: 2F
1-2: DOUBLE (Line Drive, 7LD, EV 111.2 MPH)
Batting: SHB Andy Ehrsam 0-0: Foul Ball, location: 2F
0-1: Swinging Strike
0-2: Ball
1-2: Foul Ball, location: 2F
1-2: Strikes out swinging
Batting: RHB Justin Palko 0-0: Called Strike
0-1: Foul Ball, location: 2F
0-2: Strikes out swinging
Batting: RHB Settan Nakamura 0-0: Ball
1-0: Swinging Strike
1-1: Foul Ball, location: 2F
1-2: Strikes out swinging
Top of the 7th over - 0 runs, 1 hit, 0 errors, 1 left on base; Winnipeg 10 - Brockton 4
BOTTOM OF THE 7TH
Brockton Rox batting - Pitching for Winnipeg Goldeyes : RHP Ryan Kraemer
Batting: LHB Darby Starburster 0-0: Fly out, F8 (Flyball, 8RS, EV 80.0 MPH)
Batting: LHB Joe Martens 0-0: Foul Ball, location: 2F
0-1: Swinging Strike
0-2: Strikes out looking
Batting: LHB Isaiah Spitzbarth 0-0: Ball
1-0: Ground out 6-3 (Groundball, 4, EV 78.1 MPH)
Bottom of the 7th over - 0 runs, 0 hits, 0 errors, 0 left on base; Winnipeg 10 - Brockton 4
TOP OF THE 8TH
Winnipeg Goldeyes batting - Pitching for Brockton Rox : RHP Vance Haynes
Batting: SHB Rodrigo Mendoza 0-0: Foul Ball, location: 2F
0-1: Ball
1-1: Foul Ball, location: 2F
1-2: Ball
2-2: Foul Ball, location: 2F
2-2: Foul Ball, location: 2F
2-2: Ball
3-2: Ground out U3 (Groundball, 3S, EV 69.4 MPH)
Batting: RHB Terry Oetker 0-0: Called Strike
0-1: Called Strike
0-2: Ball
1-2: Ball
2-2: Strikes out swinging
Batting: SHB Victor Turrubiate 0-0: Swinging Strike
0-1: Foul Ball, location: 2F
0-2: Ball
1-2: Strikes out swinging
Top of the 8th over - 0 runs, 0 hits, 0 errors, 0 left on base; Winnipeg 10 - Brockton 4
BOTTOM OF THE 8TH
Brockton Rox batting - Pitching for Winnipeg Goldeyes : RHP Ryan Kraemer
Pitching: RHP Tommy Delzeit
Batting: RHB Matt Walker 0-0: Ball
1-0: Swinging Strike
1-1: Ball
2-1: Fly out, F6 (Popup, 6M, EV 55.0 MPH)
Batting: RHB Jose Blocker 0-0: Swinging Strike
0-1: Ball
1-1: Fly out, F8 (Flyball, 89M, EV 80.0 MPH)
Batting: SHB Zach Clark 0-0: Swinging Strike
0-1: SINGLE (Groundball, 4MD, EV 102.5 MPH)
Batting: LHB Eddie Noon 0-0: Ball
1-0: Ball
2-0: Foul Ball, location: 2F
2-1: Ball
3-1: Foul Ball, location: 2F
3-2: Base on Balls
Zach Clark to second
Batting: SHB Mel Gonzalez 0-0: Ball
1-0: Swinging Strike
1-1: Ball
2-1: Foul Ball, location: 2F
2-2: Ball
3-2: Foul Ball, location: 2F
3-2: Foul Ball, location: 2F
3-2: Foul Ball, location: 2F
3-2: Strikes out swinging
Bottom of the 8th over - 0 runs, 1 hit, 0 errors, 2 left on base; Winnipeg 10 - Brockton 4
TOP OF THE 9TH
Winnipeg Goldeyes batting - Pitching for Brockton Rox : RHP Vance Haynes
Pitching: RHP Carlos Salazar
Batting: RHB Itocravo Arrochela 0-0: Ball
1-0: Ball
2-0: Ball
3-0: Base on Balls
Batting: RHB Mike Berzins 0-0: Foul Ball, location: 2F
0-1: Called Strike
Pickoff Throw to First - Error! E1
Itocravo Arrochela to second
0-2: SINGLE (Line Drive, 9S, EV 102.5 MPH)
Itocravo Arrochela to third
Batting: SHB Tim Lloyd 0-0: Called Strike
Mike Berzins is caught stealing 2nd base 2-6
0-1: Ball
1-1: Swinging Strike
1-2: Foul Ball, location: 2F
1-2: Ball
2-2: Ball
3-2: Foul Ball, location: 2F
3-2: DOUBLE (Flyball, 8LXD, EV 96.9 MPH)
Itocravo Arrochela scores
Batting: SHB Andy Ehrsam 0-0: Ball
1-0: Ground out 5-3 (Groundball, 5, EV 109.4 MPH)
Pinch Hitting: LHB Dave Bertheau 0-0: Ball
1-0: Called Strike
1-1: Fly out, F8 (Flyball, 8RXD, EV 105.6 MPH)
Top of the 9th over - 1 run, 2 hits, 1 error, 1 left on base; Winnipeg 11 - Brockton 4
BOTTOM OF THE 9TH
Brockton Rox batting - Pitching for Winnipeg Goldeyes : RHP Tommy Delzeit
Now at C: Feng Bao
Pinch Hitting: RHB Kyle Franken 0-0: Called Strike
0-1: Foul Ball, location: 2F
0-2: Strikes out swinging
Pinch Hitting: LHB Jim Connel 0-0: SINGLE (Line Drive, 9S, EV 103.1 MPH)
Batting: LHB Joe Martens 0-0: Called Strike
0-1: Ball
1-1: Ball
2-1: Foul Ball, location: 2F
2-2: Foul Ball, location: 2F
2-2: Ball
3-2: Base on Balls
Jim Connel to second
Pitching: RHP Chris Shields
Batting: LHB Isaiah Spitzbarth 0-0: Called Strike
0-1: Ball
1-1: Swinging Strike
1-2: Foul Ball, location: 2F
1-2: Foul Ball, location: 2F
1-2: Ball
2-2: Strikes out swinging
Batting: RHB Matt Walker 0-0: Ball
1-0: Ball
2-0: Ball
3-0: Called Strike
3-1: DOUBLE (Line Drive, 7LS, EV 98.8 MPH)
Jim Connel scores
Joe Martens to third
Batting: RHB Jose Blocker 0-0: Ball
1-0: Ball
2-0: Called Strike
2-1: Called Strike
2-2: Foul Ball, location: 2F
2-2: Fly out, F7 (Flyball, 7LSF, EV 84.4 MPH)
Bottom of the 9th over - 1 run, 2 hits, 0 errors, 2 left on base; Winnipeg 11 - Brockton 5
Sunday, July 16th , 2023 - OOTP Baseball 24.6 Build 69